[Event "Early-Titled-Tuesday-Blitz-April-23-2024"]
[Site "Chess.com"]
[Date "2024.04.23"]
[Round "10"]
[White "scarabee43"]
[Black "jk13"]
[Result "1-0"]
[WhiteElo "2837"]
[BlackElo "2695"]
[TimeControl "180+1"]
[EndTime "10:02:05 PDT"]
[Termination "scarabee43 won by resignation"]

1. Nf3 d5 2. e3 e6 3. c4 Nf6 4. b3 Be7 5. Bb2 O-O 6. Nc3 b6 7. Be2 Bb7 8. O-O c5 9. cxd5 Nxd5 10. Nxd5 Bxd5 11. Qc2 Nc6 12. Rad1 Bf6 13. d4 cxd4 14. Nxd4 Nxd4 15. Bxd4 Bxd4 16. Rxd4 Rc8 17. Qb1 Qc7 18. Bd3 h6 19. Ba6 Bb7 20. Bxb7 Qxb7 21. Rfd1 Rc7 22. Rd8 Qc6 23. h4 h5 24. Qb2 Qc5 25. b4 Qc4 26. Qe5 Rc8 27. R8d4 Qxa2 28. Qxh5 Rc4 29.
Rd8 Rc8 30. R8d2 Qb3 31. Rd4 Rc4 32. Qg4 Rxd4 33. Rxd4 a5 34. bxa5 bxa5 35. h5 Rc8 36. Qg5 Qc3 37. h6 Qc1+ 38. Kh2 Qc7+ 39. g3 f6 40. Qg6 Rf8 41. Rg4 Rf7 42. hxg7 Qe7 43. Rc4 Qd7 44. Rd4 Qe7 45. Qc2 Kxg7 46. Rg4+ Kh8 47. Rh4+ Rh7 48. Qc8+ Kg7 49. Rxh7+ Kxh7 50. Qa6 Qc7 51. Qxe6 Kg7 52. e4 Qe5 53. Qg4+ Qg5 54. Qd7+ Kg6 55. Kg2 Qe5 56. Kf3 Qh5+ 57. Ke3 Qc5+ 58.
Qd4 Qc1+ 59. Qd2 Qc5+ 60. Ke2 a4 61. Qd3 a3 62. Qb3 Qd4 63. Qxa3 Qxe4+ 64. Qe3 Qd5 65.
Qd3+ Qf5 66. Qxf5+ Kxf5 67. Kf3 Kg5 68. Ke3 Kg4 69.
Ke4 Kg5 70. f3 Kg6 71. Kf4 Kg7 72. Kf5 Kf7 73. g4 Kg7 74. Ke6 Kg6 75. f4 Kg7 76. f5 Kh6 77. Kxf6 Kh7 78. g5 Kg8 1-0

[Event "Early-Titled-Tuesday-Blitz-April-23-2024"]
[Site "Chess.com"]
[Date "2024.04.23"]
[Round "10"]
[White "LeRoidesChampions"]
[Black "dvglko"]
[Result "1-0"]
[WhiteElo "2605"]
[BlackElo "2436"]
[TimeControl "180+1"]
[EndTime "10:02:06 PDT"]
[Termination "LeRoidesChampions won by checkmate"]

1. Nf3 d5 2. b3 c5 3. Bb2 Nc6 4. e3 a6 5. d4 cxd4 6. exd4 Nf6 7. Nbd2 Bg4 8. a3 e6 9. Bd3 Bd6 10. h3 Bh5 11. O-O O-O 12. Qe2 Bc7 13. Qe3 Bg6 14.
Ne5 Nxe5 15. dxe5 Nd7 16. Nf3 Rc8 17. Rac1 Qe7 18. Rfe1 Bb6 19. Qe2 Rc6 20. a4 Ba5 21. Red1 Bc3 22. Bxc3 Rxc3 23. Bxg6 hxg6 24. Rd3 Rfc8 25.
Rxc3 Rxc3 26. Ne1 Qg5 27. Rd1 Nxe5 28. Rd4 Nc6 29. Rd3 Rxd3 30. Nxd3 Qh5 31. Qd2 d4 32. f3 Qd5 33. Qf4 e5 34. Qg5 Kh7 35. h4 f6 36. Qg4 f5 37. Qg5 e4 38. Nf4 Qd6 39. h5 Ne7 40. hxg6+ Nxg6 41. Qh5+ Kg8 42. Nxg6 d3 43.
cxd3 exd3 44. f4 d2 45. Qd1 Qxg6 46. Qxd2 Qb6+ 47. Kh1 Qh6+ 48. Kg1 Qb6+ 49. Kh2 Qh6+ 50. Kg3 Qg6+ 51. Kf3 Qc6+ 52. Kf2 Qb6+ 53. Qe3 Qd6 54. Qe8+ Kh7 55. Qh5+ Kg8 56. Qxf5 Qb6+ 57. Kg3 Qxb3+ 58. Kh4 Qxa4 59. Qc8+ Kh7 60. Qf5+ Kh8 61. g4 Qe8 62. g5 Qe1+ 63. Kh5 Qe2+ 64. Kg6 Qe8+ 65. Qf7 Qxf7+ 66. Kxf7 a5 67. f5 a4 68. f6 gxf6 69. g6 a3 70. g7+ Kh7 71. g8=Q+ Kh6 72. Qg6# 1-0

[Event "Early-Titled-Tuesday-Blitz-April-23-2024"]
[Site "Chess.com"]
[Date "2024.04.23"]
[Round "10"]
[White "ViktoriyaTarasova"]
[Black "Boxerandchessplayer"]
[Result "0-1"]
[WhiteElo "2343"]
[BlackElo "2251"]
[TimeControl "180+1"]
[EndTime "10:02:06 PDT"]
[Termination "Boxerandchessplayer won by resignation"]

1. d4 e6 2. c4 d5 3. Nc3 c6 4.
Nf3 Nf6 5. Bg5 Nbd7 6. e3 Be7 7. Qc2 O-O 8. Bd3 dxc4 9. Bxc4 h6 10. Bh4 b6 11. O-O Bb7 12. Bd3 c5 13. Ne5 cxd4 14.
exd4 Rc8 15. Qe2 Nd5 16. Bxe7 Qxe7 17. Ne4 N7f6 18. Nxf6+ Nxf6 19. Rac1 Rfd8 20. Rxc8 Rxc8 21. Ba6 Rd8 22. Bxb7 Qxb7 23. Rd1 Nd7 24. Nxd7 Rxd7 25. h3 Rd5 26. Qc2 Qd7 27. Kh2 g6 28. Qd2 Kg7 29. f4 f6 30. b3 e5 31. fxe5 fxe5 32. Qe3 exd4 33. Qe4 d3 34. Rd2 Rd4 35. Qe5+ Kh7 36. g3 Rd5 37. Qe4 h5 38. Qf4 Rd4 39. Qf3 h4 40. gxh4 Qd6+ 41. Kg2 Qd5 42. Qxd5 Rxd5 43.
Kf3 Kh6 44. Ke4 Rd8 45. Rxd3 Rxd3 46. Kxd3 Kh5 47. Kc4 Kxh4 48. Kb5 Kxh3 49. Ka6 g5 50. Kxa7 g4 51. Kxb6 g3 52. a4 g2 53. Kb7 g1=Q 54. a5 Qg7+ 55. Kb6 Qf6+ 56. Kb7 Qf7+ 57. Kb6 Qxb3+ 58. Ka7 Kg4 59. a6 Kf5 60. Ka8 Ke6 61. a7 Qd5+ 62. Kb8 Qb5+ 63. Ka8 Qe8+ 64. Kb7 Qd7+ 65.
Kb8 Qd8+ 66. Kb7 Qd7+ 67. Kb6 Qc8 0-1

[Event "Early-Titled-Tuesday-Blitz-April-23-2024"]
[Site "Chess.com"]
[Date "2024.04.23"]
[Round "10"]
[White "MIss_MIaMI"]
[Black "PonyQueen07"]
[Result "1/2-1/2"]
[WhiteElo "2335"]
[BlackElo "2219"]
[TimeControl "180+1"]
[EndTime "10:02:16 PDT"]
[Termination "Game drawn - insufficient material"]

1. e4 c5 2. Nf3 Nc6 3. d4 cxd4 4. c3 dxc3 5. Nxc3 e6 6. Bc4 Bb4 7. O-O Nge7 8. Nb5 d5 9. exd5 exd5 10. Bd3 Bg4 11. h3 Bxf3 12. Qxf3 a6 13. Nc3 Bxc3 14. bxc3 O-O 15. Rd1 h6 16. c4 Ne5 17. Qh5 Nxd3 18. Rxd3 Ng6 19. cxd5 Qf6 20. Rb1 Rac8 21. d6 Rxc1+ 22. Rxc1 Nf4 23. Qd1 Nxd3 24. Qxd3 Rd8 25. d7 Qe6 26. Rc8 Rxc8 27. d8=Q+ Rxd8 28. Qxd8+ Kh7 29.
Qd3+ g6 30. a3 b5 31. h4 Qe1+ 32. Kh2 Qe5+ 33. g3 Qf5 34. Qe3 Qe6 35. Qf3 a5 36. Qf4 Qe7 37. Qb8 b4 38. axb4 axb4 39. Kg2 Qe4+ 40.
Kh2 Qd4 41. Kg2 Qd5+ 42. Kg1 b3 43. Qb4 Qd1+ 44. Kg2 Qc2 45. Qb7 Kg7 46. Qe7 b2 47. Qe5+ Kh7 48. Qf6 Qf5 49. Qxb2 Qd5+ 50. f3 Qe6 51.
Kf2 h5 52. Qd4 Qf5 53. Kg2 Qc2+ 54. Kh3 Qf5+ 55. Kg2 Qc2+ 56. Kg1 Qc1+ 57. Kf2 Qc2+ 58. Ke3 Qc6 59. g4 Qe6+ 60. Kf2 hxg4 61. fxg4 Qa2+ 62. Kg3 Qb3+ 63. Kf4 Qh3 64. h5 gxh5 65. Qe4+ Kg7 66. Qe5+ Kf8 67. Qh8+ Ke7 68. gxh5 Qh4+ 69. Kf3 Qh3+ 70. Ke4 Qg4+ 71. Kd5 Qf5+ 72. Kc6 Qe6+ 73. Kb5 Qd5+ 74. Kb4 Qe4+ 75. Kc3 Qf3+ 76. Kc4 Qg4+ 77. Kd5 Qf5+ 78. Qe5+ Qxe5+ 79. Kxe5 f6+ 80. Kf5 Kf7 81. h6 Kg8 82. h7+ Kxh7 83. Kxf6 1/2-1/2

[Event "Early-Titled-Tuesday-Blitz-April-23-2024"]
[Site "Chess.com"]
[Date "2024.04.23"]
[Round "10"]
[White "Makswolf200817"]
[Black "Thunderbolt135"]
[Result "1-0"]
[WhiteElo "2821"]
[BlackElo "2686"]
[TimeControl "180+1"]
[EndTime "10:02:30 PDT"]
[Termination "Makswolf200817 won by checkmate"]

1. d4 Nf6 2. c4 e6 3. g3 d5 4.
Bg2 Bb4+ 5. Bd2 a5 6. Nf3 O-O 7. Qc2 c5 8. dxc5 d4 9. Bxb4 axb4 10.
Ne5 Qc7 11. Nd3 Na6 12. Nd2 e5 13. O-O Bf5 14. Nb3 Rad8 15. f3 Nd7 16. Qd2 Bxd3 17. exd3 Ndxc5 18. Nxc5 Nxc5 19. f4 f6 20. Bd5+ Kh8 21.
Rf3 Rfe8 22. fxe5 Rxe5 23. Qxb4 Rde8 24. Raf1 Re3 25. Qd2 Nxd3 26. Rxe3 Rxe3 27. Rf3 Qe5 28. Bxb7 h6 29. a4 Nc5 30. Bd5 Nxa4 31. Rf2 Nc5 32. b4 Nd3 33. Rf1 h5 34. Kh1 h4 35. b5 Nc5 36. gxh4 Re2 37. Qf4 Qxf4 38. Rxf4 d3 39. Rd4 d2 40. Bf3 Re3 41. Bh5 Nd3 42. b6 Re1+ 43. Kg2 d1=Q 44. Bxd1 Rxd1 45. b7 Ne1+ 46. Kf2 Rb1 47. Rd8+ Kh7 48. b8=Q Nd3+ 49. Ke3 Rxb8 50. Rxb8 Ne5 51. c5 Kg6 52. Rc8 Kf5 53. Rc7 g6 54. Kd4 Ke6 55. Rb7 Nf3+ 56. Ke4 Nxh4 57. Rb6+ Ke7 58.
Kd5 Nf5 59. Rb7+ Kd8 60. c6 g5 61. Ke6 Nd4+ 62. Kxf6 Nxc6 63. Kxg5 Ke8 64. Rb6 Ne7 65. h4 Kf7 66. h5 Kg8 67. Rb7 Nd5 68. h6 Kh8 69.
Rf7 Kg8 70. Kg6 Ne7+ 71. Rxe7 Kf8 72. Re6 Kg8 73. Re8# 1-0

[Event "Early-Titled-Tuesday-Blitz-April-23-2024"]
[Site "Chess.com"]
[Date "2024.04.23"]
[Round "10"]
[White "GambitGiesbergen"]
[Black "jraosam"]
[Result "1-0"]
[WhiteElo "2324"]
[BlackElo "2009"]
[TimeControl "180+1"]
[EndTime "10:02:34 PDT"]
[Termination "GambitGiesbergen won on time"]

1. c4 e5 2. Nc3 Nc6 3. f4 d6 4. Nf3 g6 5. e4 Bg7 6. d3 Nge7 7. Be2 O-O 8. O-O Bg4 9. Be3 Bxf3 10. Bxf3 Nd4 11. Bxd4 exd4 12. Ne2 Qd7 13. Kh1 Rab8 14. Qe1 f5 15. Qh4 Bf6 16. Qh6 Bg7 17. Qh4 Bf6 18. Qh3 Rfd8 19. g4 fxe4 20. Bxe4 d5 21. cxd5 Nxd5 22.
Qf3 Ne3 23. Rg1 c6 24. Rac1 Bg7 25. Ng3 Qxg4 26. Qf2 Rf8 27. Nf5 Qh3 28. Rg3 Qh5 29.
Rg5 Qh3 30. Rg3 Qh5 31. Nxe3 dxe3 32. Qxe3 Qh4 33. f5 Bh6 34. Qd4 Qf6 35. Qxf6 Rxf6 36. Rcg1 Bf4 37. Rg4 Be5 38. fxg6 hxg6 39. b3 Kf7 40.
Bxg6+ Ke7 41. Re1 Kd6 42. d4 Bf4 43. Bd3 Rh8 44. Re2 Rhf8 45. Bc4 Bh6 46. Kg2 b5 47. Bd3 a5 48. Be4 Bf4 49. Rc2 Kd7 50. h4 Bc7 51. h5 Bb6 52. Bg6 Rd6 53. Rd2 Rh8 54. Rf4 c5 55. Rf7+ Ke6 56. Re2+ Kd5 57. dxc5 Kxc5 58. Rc2+ Kb4 59. Rf4+ Ka3 60. Re4 Rhd8 61. Rce2 Rd2 62. h6 Rxa2 63. h7 Rxe2+ 64. Rxe2 Rh8 65. Re6 Bd4 66. Re4 Bc3 67. Kf3 Kxb3 68. Ke2 Kb2 69.
Kd3 a4 70. Re2+ Kb3 71. Bf7+ Kb4 72. Re4+ 1-0

[Event "Early-Titled-Tuesday-Blitz-April-23-2024"]
[Site "Chess.com"]
[Date "2024.04.23"]
[Round "10"]
[White "Dr_Pepper18"]
[Black "HajiyevKanan"]
[Result "1-0"]
[WhiteElo "2500"]
[BlackElo "2606"]
[TimeControl "180+1"]
[EndTime "10:02:36 PDT"]
[Termination "Dr_Pepper18 won by checkmate"]

1. d4 d5 2. c4 c6 3. Nf3 Nf6 4. Nbd2 Bf5 5. Nh4 Bg4 6. h3 Bh5 7. Qb3 Qb6 8. g4 Bg6 9. c5 Qc7 10. Nxg6 hxg6 11. Bg2 Nbd7 12. g5 Nh5 13. e3 e5 14. Qc2 Be7 15. h4 O-O-O 16. Nb3 Rde8 17. Bd2 exd4 18. O-O-O dxe3 19. Bxe3 Nf4 20. Bf3 Ne6 21. Bg4 Qe5 22. Rde1 Kb8 23. Bxe6 fxe6 24. Qxg6 Qf5 25.
Qxf5 exf5 26. Bd4 Rxh4 27. Rxh4 Bxg5+ 28. Be3 Rxe3 29. fxe3 Bxh4 30. Rg1 Bf2 31. Rxg7 Bxe3+ 32. Kc2 Nxc5 33. Nxc5 Bxc5 34. Rf7 a5 35. Rxf5 Ka7 36. Rf7 Ka6 37. b3 b5 38. Kd3 Kb6 39. Ke2 Bd4 40.
Re7 Bb2 41. Re6 Kc5 42. Kd3 Ba3 43. Rg6 Bb4 44. Kc2 Be1 45. Kd1 Bf2 46. Ke2 Bd4 47. Kf3 Bc3 48. Ke3 Kb6 49. Kf4 d4 50. Ke4 Kc5 51.
Kd3 a4 52. Kc2 a3 53. Kd3 Kd5 54. Rg5+ Kd6 55. Rh5 c5 56. Rh8 b4 57. Kc4 Ke5 58. Re8+ Kf4 59. Kd3 Kf5 60. Rc8 Ke5 61. Rxc5+ Kd6 62.
Rh5 Kc6 63. Kc4 Kb6 64. Rh6+ Ka5 65. Rd6 Bb2 66. Rxd4 Bc3 67. Rd5+ Ka6 68. Rb5 Bd2 69. Rxb4 Be1 70. Ra4+ Kb6 71. Rxa3 Kc6 72. Ra4 Kb6 73. Rb4+ Kc6 74. Rb5 Kc7 75. a4 Kc6 76. a5 Kc7 77. a6 Bf2 78. Rb7+ Kc8 79. Kb5 Be3 80. Kc6 Bf2 81.
b4 Be3 82. b5 Bf2 83. b6 Be3 84.
a7 Bxb6 85. a8=Q# 1-0

[Event "Early-Titled-Tuesday-Blitz-April-23-2024"]
[Site "Chess.com"]
[Date "2024.04.23"]
[Round "10"]
[White "Orest_Vovk"]
[Black "Nf3c5"]
[Result "1/2-1/2"]
[WhiteElo "2546"]
[BlackElo "2643"]
[TimeControl "180+1"]
[EndTime "10:02:38 PDT"]
[Termination "Game drawn by stalemate"]

1. h4 e5 2. h5 d5 3. h6 Nxh6 4. d4 e4 5. Bxh6 gxh6 6. e3 Bg7 7. c4 c5 8. Rh5 f5 9. Ne2 dxc4 10. d5 Na6 11. Nec3 Nb4 12. Bxc4 a6 13. a3 Nd3+ 14.
Bxd3 exd3 15. Qxd3 b5 16. Nd2 O-O 17. Nf3 Qf6 18.
Kf1 Bd7 19. Rc1 b4 20. Nd1 Bb5 21. Rc4 Qg6 22. Rhh4 Rae8 23. a4 Bxc4 24. Qxc4 Re4 25. Qxc5 Rxh4 26. Nxh4 Qg4 27. Nf3 f4 28. e4 Rc8 29.
Qxb4 Rc1 30. Qd2 Rb1 31. e5 Qc8 32. e6 Qc4+ 33. Ke1 Qb3 34. e7 Kf7 35. d6 Qe6+ 36. Kf1 Qc4+ 37. Kg1 Qb3 38. d7 Rxd1+ 39. Kh2 Rxd2 40.
e8=Q+ Kf6 41. d8=Q+ Rxd8 42. Qxd8+ Kf7 43. Qd7+ Kg6 44. Qd6+ Kf7 45. Qxf4+ Kg8 46. Qc7 Qxb2 47. Qc8+ Kf7 48. Qxa6 Be5+ 49. Nxe5+ Qxe5+ 50. g3 Qh5+ 51. Kg2 Qd5+ 52. Kh2 Qh5+ 53. Kg1 Qd1+ 54. Qf1 Qxa4 55. Qc1 Qa6 56. Qf4+ Kg7 57. Qg4+ Qg6 58. Qd7+ Qf7 59. Qxf7+ Kxf7 60. Kg2 Kf6 61. f4 Kg6 62. Kh3 h5 63.
Kh4 Kh6 64. Kh3 Kg6 65. Kg2 Kf5 66. Kf3 h6 67. Ke3 Kg4 68. Ke4 Kxg3 69. f5 h4 70. f6 h3 71. f7 h2 72. f8=Q h1=Q+ 73. Ke5 Qe1+ 74. Kd5 Qd2+ 75. Ke4 Qc2+ 76. Ke3 Qc3+ 77.
Ke2 Qe5+ 78. Kd2 Qf4+ 79. Qxf4+ Kxf4 80. Ke2 Kg3 81. Kf1 Kh2 82. Kf2 h5 83. Kf1 h4 84.
Kf2 h3 85. Kf1 Kh1 86. Kf2 h2 87. Kf1 1/2-1/2

[Event "Early-Titled-Tuesday-Blitz-April-23-2024"]
[Site "Chess.com"]
[Date "2024.04.23"]
[Round "10"]
[White "jumpingknight20"]
[Black "Vse_po_kaify"]
[Result "1/2-1/2"]
[WhiteElo "2740"]
[BlackElo "2581"]
[TimeControl "180+1"]
[EndTime "10:02:44 PDT"]
[Termination "Game drawn - insufficient material"]

1. Nf3 c5 2. g3 Nc6 3. c4 e5 4.
Nc3 g6 5. Bg2 Bg7 6. O-O Nge7 7.
d3 d6 8. Rb1 O-O 9. a3 f5 10.
Bd2 h6 11. b4 Rb8 12. Ne1 g5 13. Nc2 f4 14. Ne4 b6 15. e3 Be6 16. b5 Na5 17.
Bxa5 bxa5 18. Qe2 Qd7 19. d4 exd4 20. exd4 Bg4 21. f3 Bf5 22. dxc5 dxc5 23. Rbd1 Qc7 24. Kh1 Rbe8 25. Nd6 Rd8 26. Nxf5 Nxf5 27. Qe6+ Kh8 28. Bh3 Rde8 29. Qg6 Ne7 30. Qh5 fxg3 31. Rd7 g2+ 32. Kxg2 Qf4 33. Re1 Qxc4 34. Ne3 Qc3 35. Re2 Ng8 36.
Qg6 Qf6 37. Qxf6 Nxf6 38. Rxa7 Nd5 39. Nxd5 Rxe2+ 40. Kf1 Ra2 41. Bg4 Rxa3 42. b6 Rb3 43. b7 Be5 44. Ra8 Rb8 45. Bc8 Kg7 46. Rxa5 c4 47. Rc5 c3 48. Ke2 R3xb7 49. Bxb7 Rxb7 50. Ne3 Bf6 51. Nf5+ Kg6 52. Ng3 Re7+ 53. Ne4 Bg7 54. Kd3 Rd7+ 55. Ke2 Ra7 56. Nxc3 Bxc3 57. Rxc3 Ra2+ 58.
Kf1 Rxh2 59. Kg1 Rd2 60. Rc4 h5 61. Kf1 h4 62. Kg1 Kf5 63. Ra4 Ke5 64. Rg4 Kf5 65.
Ra4 Re2 66. Rb4 Rc2 67. Ra4 Rd2 68. Rb4 Ke5 69. Rg4 Kf6 70. Rb4 h3 71. Rg4 Kf5 72.
Rg3 h2+ 73. Kh1 Kf4 74. Rg4+ Kxf3 75. Rxg5 Rf2 76. Rg8 Ke2 77. Rg2 Rxg2 78. Kxg2 h1=Q+ 79. Kxh1 1/2-1/2

[Event "Early-Titled-Tuesday-Blitz-April-23-2024"]
[Site "Chess.com"]
[Date "2024.04.23"]
[Round "10"]
[White "Kildepiotr"]
[Black "eljanov"]
[Result "1-0"]
[WhiteElo "2750"]
[BlackElo "2891"]
[TimeControl "180+1"]
[EndTime "10:02:48 PDT"]
[Termination "Kildepiotr won on time"]

1. Nf3 Nf6 2. g3 b5 3. Bg2 Bb7 4. O-O e6 5. d3 c5 6. a4 b4 7. b3 d5 8. Bb2 Be7 9. Nbd2 O-O 10. e4 Nc6 11. Ne5 Nxe5 12. Bxe5 Nd7 13. Bb2 Bf6 14.
Qc1 a5 15. f4 Rc8 16. Bxf6 Qxf6 17. e5 Qe7 18. Qe1 Ba6 19. Rf2 c4 20. dxc4 dxc4 21.
Ne4 Nc5 22. Nd6 Rc7 23. Qe3 cxb3 24. cxb3 Bb7 25. Rc1 Bxg2 26. Kxg2 Nb7 27. Nb5 Rxc1 28. Qxc1 Nc5 29. Qc4 Qb7+ 30. Kg1 Qb6 31. Nd6 g6 32. Kg2 Nb7 33. Ne4 Rd8 34. Rd2 Rxd2+ 35. Nxd2 Qe3 36. Ne4 Kg7 37. h4 h5 38. Qc6 Nd8 39. Qa8 Qe2+ 40.
Nf2 Qd2 41. Qxa5 Nc6 42. Qb5 Nd4 43. Qd3 Qb2 44. a5 Nxb3 45. a6 Nc5 46. Qc4 Qc3 47.
Qxc3 bxc3 48. a7 c2 49. a8=Q c1=Q 50. Qc6 Qe3 51. Qf3 Qd4 52. Qe2 Qd5+ 53. Qf3 Qa2 54.
Qe3 Nd7 55. Qd4 Qa8+ 56. Kh2 Qb7 57. Qe4 Qc7 58. Kg2 Nb6 59. Qd4 Nd5 60. Qe4 Ne7 61.
Qf3 Nf5 62. Qe4 Qc3 63. Qf3 Qd2 64. Qd3 Qb2 65. Qf3 Nh6 66. Kh3 Qb1 67. Kg2 Qc2 68. Kh3 Qa2 69. Kg2 Ng4 70. Kg1 Qa7 71. Kg2 Ne3+ 72.
Kh3 Qd4 73. g4 hxg4+ 74. Nxg4 Nf5 75. Nf2 Qd8 76. Qg4 Qd2 77. Ne4 Qe3+ 78. Ng3 Qd3 79. Kh2 Ne3 80. Qf3 Qd2+ 81. Kh3 Qc1 82. h5 gxh5 83. Nxh5+ Kg6 84. Ng3 Qe1 85. Qh5+ Kg7 86. Qg5+ Kh7 87. Qh5+ Kg7 88. Qg5+ Kh7 89. Qh4+ Kg7 90. Nh5+ Kg8 91. Qxe1 1-0

[Event "Early-Titled-Tuesday-Blitz-April-23-2024"]
[Site "Chess.com"]
[Date "2024.04.23"]
[Round "10"]
[White "amylazy"]
[Black "AlexanderKing"]
[Result "1/2-1/2"]
[WhiteElo "2467"]
[BlackElo "2573"]
[TimeControl "180+1"]
[EndTime "10:03:12 PDT"]
[Termination "Game drawn by repetition"]

1. d4 d5 2. c4 e6 3. Nf3 c5 4. Nc3 cxd4 5. Nxd4 Nf6 6. e3 Nc6 7. cxd5 exd5 8. Bb5 Bd7 9. O-O Bd6 10. Nf3 a6 11. Be2 Be6 12. Ng5 O-O 13. Nxe6 fxe6 14. h3 Bc7 15. b3 Qd6 16. g3 Rad8 17. Bb2 e5 18.
Rc1 d4 19. exd4 exd4 20. Na4 Ne4 21. Bc4+ Kh8 22. Qg4 Nd2 23. Rfd1 Ne5 24. Qe2 Ndf3+ 25.
Kg2 b5 26. Bd3 bxa4 27. Be4 axb3 28. axb3 Bb6 29. Qxa6 d3 30. Ba3 Bc5 31. Qxd6 Bxd6 32. Bb2 d2 33. Rc3 Bb4 34. Rxf3 Nxf3 35. Bxf3 Rd3 36.
Be2 Rxb3 37. Bd4 Rd8 38. Bb6 Rd6 39. Ra1 g6 40. Be3 Rc3 41. Bf4 Rd8 42. Be5+ Kg8 43. Bxc3 Bxc3 44. Rb1 Kf7 45. Bd1 Kf6 46. Rb3 Be5 47. f4 Bd4 48. Rd3 Bb6 49. Rb3 Ba5 50. g4 h6 51. Ra3 Bb4 52. Ra6+ Kg7 53. Rb6 Bc3 54. Rc6 Bb2 55. Kf3 Bc1 56. Ke2 Re8+ 57. Kf3 Re1 58. Rc7+ Kf6 59. Rc6+ Kg7 60. Rc7+ Kf8 61.
Rc8+ Ke7 62. Ba4 d1=Q+ 63. Bxd1 Rxd1 64. Rc6 Kf7 65. Rc7+ Kf6 66. Rc6+ Kf7 67. Rc7+ Ke8 68. Rc6 g5 69. f5 Rf1+ 70. Kg2 Rd1 71. Rxh6 Bf4 72.
Rh7 Kf8 73. Kf3 Rd3+ 74. Ke4 Re3+ 75. Kd5 Re1 76. Ra7 Re3 77. Rh7 Kg8 78. Rh6 Kg7 79. Rg6+ Kh7 80. Ra6 Rxh3 81. Ke6 Re3+ 82. Kf6 Re8 83.
Ra7+ Kh6 84. Kf7 Rc8 85. f6 Rc7+ 86. Rxc7 Bxc7 87. Ke6 Kg6 88. f7 Kg7 89. Ke7 Bd6+ 90. Kxd6 Kxf7 91. Ke5 Kf8 92. Kf6 Kg8 93. Kg6 Kf8 94.
Kh5 Kg8 95. Kh6 Kh8 96. Kxg5 Kg7 97. Kf5 Kf7 98. Kg5 Kg7 99. Kh5 Kh7 100. Kg5 Kg7 1/2-1/2

[Event "Early-Titled-Tuesday-Blitz-April-23-2024"]
[Site "Chess.com"]
[Date "2024.04.23"]
[Round "10"]
[White "Artem_Koval"]
[Black "Javadovvv"]
[Result "1/2-1/2"]
[WhiteElo "2549"]
[BlackElo "2652"]
[TimeControl "180+1"]
[EndTime "10:03:23 PDT"]
[Termination "Game drawn by stalemate"]

1. d4 e6 2. Bf4 d5 3. e3 Bd6 4. Nf3 Nf6 5. Nbd2 b6 6. Bd3 Bb7 7. O-O O-O 8. Ne5 Ne4 9. Nxe4 dxe4 10. Bc4 Nd7 11. a4 Nxe5 12. dxe5 Bc5 13. Qg4 Re8 14.
Rad1 Qe7 15. Bg5 Qf8 16. Rd7 Rac8 17. b3 Bc6 18. Rdd1 Be7 19. h4 Rcd8 20. Rxd8 Rxd8 21. Bxe6 Bxg5 22. hxg5 Qe7 23. Bc4 Qxe5 24. Rd1 Rxd1+ 25.
Qxd1 Qxg5 26. b4 Qe7 27. b5 Bb7 28. Qd4 g6 29. a5 Bc8 30. Bb3 h5 31. Qd5 Be6 32.
Qxe4 bxa5 33. Bxe6 Qxe6 34. Qa8+ Kg7 35. Qxa7 Qb6 36. Qa6 Kf6 37. c4 Ke7 38. Qa8 Qc5 39. Qxa5 Qxc4 40. Qa7 Kf8 41. Qb7 Kg7 42. Kh2 Qh4+ 43.
Kg1 Qc4 44. Kh2 Qc5 45. Kg1 Qe5 46. g3 Qg5 47. Kf1 Qc5 48. Kg2 Qe5 49. Qc6 Qg5 50.
e4 Qe5 51. Kf3 Qd4 52. Kg2 Qd3 53. Kh2 Qe2 54. Kg2 h4 55. gxh4 Qg4+ 56. Kf1 Qd1+ 57.
Kg2 Qg4+ 58. Kf1 Qxh4 59. Qxc7 Qh1+ 60. Ke2 Qxe4+ 61. Kd2 Qd5+ 62. Ke3 Qxb5 63. Qc3+ Kg8 64. Kf3 Qf5+ 65. Kg3 Qe6 66. f3 Qf5 67. Kf2 Qe6 68. Qd4 Kh7 69. Kg3 f6 70. Qa7+ Kh6 71. Kg2 Kg5 72.
Qc5+ Qe5 73. Qc6 Qe2+ 74. Kg3 Qe5+ 75. Kg2 f5 76. Qb6 Qe2+ 77. Kg1 Qxf3 78. Qd8+ Kh5 79. Kh2 Qf4+ 80. Kh3 Qf3+ 81. Kh2 f4 82. Qh8+ Kg5 83. Qe5+ Kg4 84. Qe6+ Kh4 85. Qxg6 Qf2+ 86. Kh1 f3 87. Qh6+ Kg4 88. Qg6+ Kf4 89. Qf6+ Ke3 90. Qd4+ Ke2 91. Qd2+ Kxd2 1/2-1/2

[Event "Early-Titled-Tuesday-Blitz-April-23-2024"]
[Site "Chess.com"]
[Date "2024.04.23"]
[Round "10"]
[White "Anton_Demchenko"]
[Black "blitzking1729"]
[Result "1/2-1/2"]
[WhiteElo "2978"]
[BlackElo "2795"]
[TimeControl "180+1"]
[EndTime "10:03:36 PDT"]
[Termination "Game drawn by 50-move rule"]

1. e4 e5 2. Nf3 Nc6 3. Bc4 Nf6 4. d3 Bc5 5. Bg5 d6 6. c3 h6 7. Bh4 g5 8. Bg3 Bb6 9. Nbd2 Be6 10. a4 a6 11.
Bxe6 fxe6 12. Qb3 Qc8 13. Nc4 Ba7 14. O-O O-O 15. Kh1 Ne7 16. Rae1 Ng6 17. d4 exd4 18. e5 dxe5 19. Nfxe5 Nxe5 20. Nxe5 Nd5 21. Qc2 Qe8 22. cxd4 Bxd4 23. Re4 Bxe5 24. Rxe5 Rf6 25. Rfe1 c6 26. Qb3 Qf7 27. h3 Rf8 28. f3 Kh7 29. Qc4 Qg6 30. b4 h5 31. b5 axb5 32. axb5 cxb5 33. Qxb5 R8f7 34. Qe2 Rg7 35. Rxe6 Rxe6 36. Qxe6 Qxe6 37. Rxe6 h4 38. Bd6 Rg6 39. Rxg6 Kxg6 40. Kg1 b5 41. Kf2 b4 42. Be5 b3 43. g3 Kf5 44. Bb2 hxg3+ 45. Kxg3 Nf4 46. h4 Nd3 47. Bc3 gxh4+ 48. Kxh4 Kf4 49. Kh5 Kxf3 50. Kg5 Ke4 51. Kf6 Nb4 52.
Ke6 Nd5 53. Bb2 Ne3 54. Kd7 Kd3 55. Kc6 Nd1 56. Ba1 Kc2 57. Kb5 Kb1 58. Kb4 Ka2 59. Bg7 Nb2 60. Kc3 Na4+ 61. Kb4 Nb6 62. Bh8 Nd5+ 63. Kc4 Nc7 64. Kb4 Ne6 65. Kc4 Nd8 66.
Kb4 Nf7 67. Bf6 Nd6 68. Bh8 Ne4 69. Kc4 Nd2+ 70. Kb4 Nf3 71. Bg7 Ng5 72. Kc4 Ne6 73. Bh8 Nf4 74. Bg7 Ng6 75. Kb4 Ne7 76. Bh8 Nf5 77. Kc4 Nd6+ 78. Kb4 Nb7 79. Bg7 Nd8 80. Bh8 Nf7 81. Bf6 Nh6 82. Bg7 Nf5 83. Bh8 Ne7 84. Bg7 Ng6 85. Kc4 Nf4 86. Bh8 Ne6 87. Kb4 Nd8 88. Kc4 Nc6 89. Kc5 Ne7 90. Kc4 Ng6 91. Bg7 Nf4 92. Kb4 Nd3+ 93. Kc4 Nb2+ 94. Kb4 Nd1 95.
Kc4 Ne3+ 96. Kb4 Nf5 97. Bh8 Nh6 98. Kc4 Nf7 99. Bg7 Nd6+ 1/2-1/2

[Event "Early-Titled-Tuesday-Blitz-April-23-2024"]
[Site "Chess.com"]
[Date "2024.04.23"]
[Round "10"]
[White "UK_23"]
[Black "GeorgiosSouleidis"]
[Result "1/2-1/2"]
[WhiteElo "2499"]
[BlackElo "2644"]
[TimeControl "180+1"]
[EndTime "10:03:45 PDT"]
[Termination "Game drawn by 50-move rule"]

1. e4 c5 2. Nf3 e6 3. g3 Nc6 4.
Bg2 Nf6 5. Qe2 e5 6. Nc3 Be7 7. Nd5 O-O 8. O-O d6 9. c3 Nxd5 10. exd5 Nb8 11. d4 exd4 12. cxd4 cxd4 13. Nxd4 Bf6 14.
Be3 Re8 15. Qc4 Nd7 16. Nb5 Ne5 17. Qc7 a6 18. Qxd8 Rxd8 19. Nc7 Rb8 20. Ba7 Bg4 21. Bxb8 Rxb8 22. f4 Nd3 23. Bf3 Bh3 24. Bg2 Bg4 25. h3 Be2 26. b3 Bd4+ 27. Kh2 Bxf1 28. Rxf1 Bb6 29. Rd1 Nf2 30. Rd2 Rc8 31. Re2 Kf8 32.
Ne6+ fxe6 33. dxe6 Rc7 34. Rd2 Ke7 35. f5 h6 36. g4 Be3 37. Re2 Rc3 38. Bxb7 a5 39.
Kg2 Bc5 40. Bf3 Nd3 41. Re4 Rc2+ 42. Be2 Rxa2 43. Kf3 Ne1+ 44. Kg3 Nc2 45. Bd3 Nb4 46. Bc4 Rd2 47. h4 Rd4 48. Re2 Rd1 49. g5 hxg5 50.
hxg5 Nc6 51. f6+ gxf6 52. gxf6+ Kxf6 53. e7 Nxe7 54. Re6+ Kf5 55. Rxe7 Rg1+ 56. Kh2 Ra1 57. Re2 Kf4 58. Kg2 Rd1 59. Re8 d5 60. Bb5 Rd2+ 61.
Kf1 Bb4 62. Ba4 d4 63. Bb5 Bc3 64. Bc4 Rb2 65. Re6 Kf3 66. Rf6+ Ke3 67. Re6+ Kf4 68. Re8 Rc2 69. Rf8+ Ke5 70. Re8+ Kd6 71. Kg1 Rd2 72. Kf1 Kc5 73. Rb8 Rb2 74. Rb5+ Kd6 75. Rd5+ Kc6 76. Rd8 Kb6 77. Rd5 Rc2 78. Rb5+ Kc7 79. Rd5 Rc1+ 80. Ke2 Re1+ 81. Kf2 Re3 82. Rb5 Rh3 83. Rd5 Kb6 84.
Rb5+ Ka7 85. Rd5 Rh2+ 86. Kf3 Rb2 87. Rb5 Rh2 88. Rd5 Rh4 89. Rb5 Ka8 90. Rd5 Kb7 91. Rb5+ Kc7 92. Rd5 Kc6 93. Rb5 Rh8 94. Rd5 Re8 95.
Rb5 Re3+ 96. Kf2 Rh3 97. Rd5 Bb2 98. Rb5 Bc3 99. Rd5 Rh2+ 100. Kf3 Ra2 101. Rb5 Ra3 102. Rd5 Kb6 103. Rb5+ Kc7 104. Rd5 Kc8 105. Rb5 Kd7 106. Rd5+ Ke7 107. Rb5 Kf6 108. Rd5 Ra1 109. Rb5 Rh1 110. Rd5 Re1 111. Rb5 Re3+ 112. Kf2 Kg6 1/2-1/2

[Event "Early-Titled-Tuesday-Blitz-April-23-2024"]
[Site "Chess.com"]
[Date "2024.04.23"]
[Round "11"]
[White "Ziyamammadov"]
[Black "SpongeBob_03"]
[Result "0-1"]
[WhiteElo "1978"]
[BlackElo "2271"]
[TimeControl "180+1"]
[EndTime "10:06:27 PDT"]
[Termination "SpongeBob_03 won by resignation"]

1. e4 c5 2. Nf3 e6 3. d4 cxd4 4. Nxd4 Nf6 5. Nc3 Nc6 6. f3 Bb4 7. a3 Bxc3+ 8. bxc3 d5 9. exd5 Nxd5 10. Nxc6 bxc6 11.
c4 Qa5+ 12. Bd2 Nc3 13. Qc1 Qe5+ 14. Kf2 Qd4+ 15. Be3 Qf6 16. Qb2 Ne4+ 0-1

[Event "Early-Titled-Tuesday-Blitz-April-23-2024"]
[Site "Chess.com"]
[Date "2024.04.23"]
[Round "11"]
[White "Happy1712Drummer"]
[Black "Kostukov_Alex"]
[Result "1-0"]
[WhiteElo "2512"]
[BlackElo "2362"]
[TimeControl "180+1"]
[EndTime "10:06:34 PDT"]
[Termination "Happy1712Drummer won by resignation"]

1. e4 c5 2. Nf3 g6 3. c4 Bg7 4.
d4 cxd4 5. Nxd4 Nc6 6. Be3 Nf6 7. Nc3 Nxd4 8. Bxd4 Qa5 9. Be2 O-O 10. O-O d6 11. Qd2 Nxe4 12. Qe3 Bxd4 13. Qxd4 Nxc3 14. bxc3 Be6 15.
Rab1 Qxa2 16. Bf3 Qb2 17. Rxb2 1-0